 Dungeon Crawl Stone Soup version 0.30-a0-556-g0a0f5a245f (webtiles) character file.

Game seed: 1025489155224145348

37 Bnni the Vexing (level 3, -10/27 HPs)
             Began as a Formicid Hexslinger on Dec 27, 2022.
             Killed from afar by a white imp (12 damage)
             ... with a puff of frost
             ... summoned by Natasha
             ... on level 2 of the Dungeon.
             The game lasted 00:01:20 (740 turns).

Bnni the Vexing (Formicid Hexslinger)                Turns: 740, Time: 00:01:21

Health: -10/27     AC:  2    Str: 14    XL:     3   Next: 60%
Magic:  4/5        EV: 12    Int: 14    God:
Gold:   69         SH:  0    Dex: 14    Spells: 1/5 levels left

rFire   . . .      SeeInvis +    a - +1 sling
rCold   . . .      Faith    .    (no shield)
rNeg    . . .      Spirit   .    c - +0 robe
rPois   .          Reflect  .    (helmet unavailable)
rElec   .          Harm     .    (no cloak)
rCorr   .          Rampage  .    (no gloves)
Will    .....                    (no boots)
Stlth   +                        (no amulet)
HPRegen 0.24/turn                (no ring)
MPRegen 0.09/turn                (no ring)

@: no status effects
A: permanent stasis, dig shafts and tunnels, antennae 3, four strong arms
a: Dig, Shaft Self


You were on level 2 of the Dungeon.
You visited 1 branch of the dungeon, and saw 2 of its levels.

You collected 69 gold pieces.

Inventory:

Hand Weapons
 a - a +1 sling (weapon)
Armour
 c - a +0 robe (worn)
Scrolls
 b - a scroll of poison
 e - a scroll of enchant weapon {unknown}
 f - a scroll of torment {unknown}
 h - a scroll of identify {unknown}
Potions
 d - 2 potions of cancellation {unknown}
 g - a potion of lignification {unknown}


   Skills:
 + Level 1.7 Fighting
 * Level 2.6 Ranged Weapons
 - Level 1.8 Dodging
 + Level 1.5 Spellcasting
 * Level 4.1 Hexes
 + Level 0.5 Fire Magic


You had one spell level left.
You knew the following spells:

 Your Spells              Type           Power      Damage    Failure   Level
a - Slow                  Hex            48%        N/A       4%          1
b - Inner Flame           Hex/Fire       7%         N/A       28%         3

Your spell library contained the following spells:

 Spells                   Type           Power      Damage    Failure   Level
 Portal Projectile        Hex/Tloc       12%        N/A       32%         3
 Cause Fear               Hex            6%         N/A       41%         4


Dungeon Overview and Level Annotations

Branches:
Dungeon (2/15)

Altars:

Annotations:
D:2 Natasha


Innate Abilities, Weirdness & Mutations

You cannot be hasted, slowed, berserked, paralysed or teleported.
You can dig through walls and to a lower floor.
You have a pair of large antennae on your head. (SInv)
Your four strong arms can wield two-handed weapons with a shield.


Message History

The white imp is lightly wounded.
Natasha stares at you and mumbles some strange words.
The magic dart hits you! The white imp gestures at you.
The puff of frost hits you!
* * * LOW HITPOINT WARNING * * *
You are too injured to fight recklessly!
You are too injured to fight recklessly!
You are too injured to fight recklessly!
Casting: Slow (safe; 4% risk of failure)
Confirm with . or Enter, or press ? or * to list all spells.
Okay, then.
Casting: Slow (safe; 4% risk of failure)
Confirm with . or Enter, or press ? or * to list all spells.
Aiming: Slow (safe; 4% risk of failure)
Press: ? - help, Shift-Dir - straight line, f - Natasha, p - white imp
Aim: Natasha, carrying a wand of quicksilver (3) (heavily wounded, chance to affect: 46%)
Okay, then.
Fire: a) +1 sling
Press: ? - help, Shift-Dir - straight line, f - Natasha, p - white imp
Aim: Natasha, carrying a wand of quicksilver (3) (heavily wounded, 50% to hit)
You shoot a sling bullet.
The sling bullet closely misses Natasha.
The sling bullet barely misses the goblin.
The sling bullet hits the hobgoblin.
The hobgoblin is moderately wounded.
You shoot a sling bullet.
The sling bullet completely misses Natasha.
The sling bullet closely misses the goblin.
The sling bullet hits the hobgoblin.
The hobgoblin is heavily wounded.
Natasha zaps a wand.
The bolt of dispelling energy misses you.
The white imp misses you. Natasha claws you.
* * * LOW HITPOINT WARNING * * *
The goblin attacks as you move away! The goblin hits you with a +0 dagger.
* * * LOW HITPOINT WARNING * * *
The white imp gestures at you. The puff of frost hits you!
You die...

#.##.# ...
...... #.#
#..#.# # #.#
#..#.#.# #.#
#..#.#.# #.#
#..#... #.#
#..#g#.#... #.#
#.@.h.g....
#<###.##5.##...
#............
###............
#.#.######...
#.#... ..
#.##### . #.#
#.#


You could see Natasha, a white imp (summoned), a hobgoblin and a goblin.

Vanquished Creatures
  5 ball pythons (D:1)
  2 bats (D:1)
  5 endoplasms (D:1)
  2 giant cockroaches (D:1)
  5 goblins (D:1)
  4 hobgoblins (D:1)
  5 kobolds (D:1)
  A quokka (D:1)
  A frilled lizard (D:1)
  A rat (D:1)
31 creatures vanquished.

Notes
Turn   | Place    | Note
-------+----------+-------------------------------------------
     0 | D:1      | Bnni the Formicid Hexslinger began the quest for the Orb.
     0 | D:1      | Reached XP level 1. HP: 15/15 MP: 2/2
    23 | D:1      | Reached XP level 2. HP: 15/21 MP: 3/3
   312 | D:1      | Reached XP level 3. HP: 17/26 MP: 5/5
   316 | D:1      | Learned a level 3 spell: Inner Flame
   353 | D:1      | Reached skill level 4 in Hexes
   732 | D:2      | Noticed Natasha
   740 | D:2      | Killed from afar by a white imp

Illustrated notes

Levels and vault maps discovered:
D:1:      dpeg_arrival_pond, layout_loops_ring
D:2:      layout_basic, dreamdust_ecumenical_altar_drowned_temple, uniq_natasha,
          uniq_jessica

Skill      XL: |  1  2  3 |
---------------+----------+-----
Hexes          | 4 |  4.1
Fighting       | |  1.7
Ranged Weapons | |  2.6
Dodging        | |  1.8
Spellcasting   | |  1.5
Fire Magic     | |  0.5

Action                   || total
-------------------------++-------
 Fire: Sling             ||    94
 Cast: Slow              ||     1
Armor: Robe              ||     7
Dodge: Dodged            ||    23

Table legend: (Time is in decaauts)
 A = Elapsed time spent in this place.
 B = Non-inter-level travel time spent in this place.
 C = Inter-level travel time spent in this place.
 D = Time resting spent in this place.
 E = Time spent auto-exploring this place.
 F = Levels seen in this place.
 G = Mean time per level.
                   A        B        C        D        E       F      G
               +--------+--------+--------+--------+--------+-----+--------+
         Total |    766 |    751 |     15 |      0 |    580 |   2 |  383.0 |
       Dungeon |    766 |    751 |     15 |      0 |    580 |   2 |  383.0 |
               +--------+--------+--------+--------+--------+-----+--------+

Top non-repeatable levels by time:
     D:1: 748 daAuts
     D:2: 18 daAuts
